 Dungeon Crawl Stone Soup version 0.27-a0-1200-g94dc6ad4cf (webtiles) character file.

Game seed: 5600367470302660524

11 Kinoniko the Slasher (level 2, 6/24 HPs)
             Began as a Demonspawn Berserker on June 1, 2021.
             Was a Follower of Trog.
             Quit the game on level 1 of the Dungeon.
             The game lasted 00:00:37 (453 turns).

Kinoniko the Slasher (Demonspawn Berserker)          Turns: 453, Time: 00:00:37

Health: 6/24       AC:  6    Str: 17    XL:     2   Next: 17%
Magic:  2/2        EV: 10    Int:  8    God:    Trog [*.....]
Gold:   5          SH:  0    Dex: 12    Spells: 1/1 levels left

rFire    . . .     SeeInvis .   a - +0 falchion
rCold    . . .     Faith    .   (no shield)
rNeg     . . .     Spirit   .   d - +0 scale mail
rPois    .         Reflect  .   (no helmet)
rElec    .         Harm     .   (no cloak)
rCorr    .         Rampage  .   (no gloves)
Will     .....                  (no boots)
Stlth    ..........             (no amulet)
HPRegen  0.08/turn              (no ring)
MPRegen  0.08/turn              (no ring)

@: no status effects
A: demonic magic 1
a: Renounce Religion, Berserk


You were on level 1 of the Dungeon.
You worshipped Trog.
Trog was aware of your devotion.
You visited 1 branch of the dungeon, and saw 1 of its levels.

You collected 5 gold pieces.

Inventory:

Hand Weapons
 a - a +0 falchion (weapon)
Missiles
 e - 7 atropa-tipped darts
Armour
 b - a +0 animal skin
 d - a +0 scale mail (worn)
Potions
 c - a potion of brilliance {unknown}


   Skills:
 - Level 3.0 Fighting
 * Level 3.3 Long Blades
 - Level 1.7 Armour
 - Level 1.7 Dodging


You had one spell level left.
You didn't know any spells.
Your spell library contained the following spells:

 Spells                   Type           Power      Damage    Failure   Level
 Ensorcelled Hibernation  Hex/Ice        0%         N/A       92%         2
 Static Discharge         Conj/Air       0%         N/A       92%         2
 Ice Form                 Ice/Tmut       0%         N/A       100%        4
 Freezing Cloud           Conj/Ice/Air   0%         6-21      100%        6


Dungeon Overview and Level Annotations

Branches:
Dungeon (1/15)

Altars:


Innate Abilities, Weirdness & Mutations

Spells you cast may paralyse adjacent enemies.


Message History

You are too injured to fight recklessly!
You are too injured to fight recklessly!
You are too injured to fight recklessly!
You are too injured to fight recklessly!
You are too injured to fight recklessly!
You are too injured to fight recklessly!
You are too injured to fight recklessly!
You are too injured to fight recklessly!
You are too injured to fight recklessly!
You are too injured to fight recklessly!
You are too injured to fight recklessly!
You are too injured to fight recklessly!
You are too injured to fight recklessly!
You hit the endoplasm but do no damage.
The endoplasm is severely wounded.
The endoplasm barely misses you.
You riposte.
You hit the endoplasm.
You kill the endoplasm!
Trog accepts your kill.
A kobold comes into view. It is wielding a +0 whip.
The kobold shouts!
You are too injured to fight recklessly!
The kobold barely misses you.
You hit the kobold.
The kobold is severely wounded.
The kobold hits you but does no damage.
You barely miss the kobold.
The kobold is severely wounded.
The kobold hits you with a +0 whip.
You closely miss the kobold.
The kobold is severely wounded.
The kobold closely misses you.
You riposte.
You barely miss the kobold.
The kobold is severely wounded.
You barely miss the kobold.
The kobold is severely wounded.
The kobold hits you with a +0 whip.
* * * LOW HITPOINT WARNING * * *
You hit the kobold.
You kill the kobold!
Trog accepts your kill.
Are you sure you want to abandon this character and quit the game? (Confirm with "yes".)

................
#######†########
####....#
#....##.# .####
#.#####.#
.....####.# #.#
#...?..# #.#
###....# #.#
#@##..# #.#
#)###....... ..#
#####.. .### #.
. .. #.


There were no monsters in sight!

Vanquished Creatures
  A ball python (D:1)
  4 endoplasms (D:1)
  2 bats (D:1)
  2 frilled lizards (D:1)
  A kobold (D:1)
  A rat (D:1)
11 creatures vanquished.

Notes
Turn   | Place    | Note
-------+----------+-------------------------------------------
     0 | D:1      | Kinoniko the Demonspawn Berserker began the quest for the
                  | Orb.
     0 | D:1      | Reached XP level 1. HP: 18/18 MP: 1/1
   237 | D:1      | Identified the Papyrus of Congealing Weightlessness
   356 | D:1      | Gained mutation: Spells you cast may paralyse adjacent
                  | enemies. [demonic ancestry]
   356 | D:1      | Reached XP level 2. HP: 18/24 MP: 2/2
   453 | D:1      | Quit the game

Illustrated notes

Levels and vault maps discovered:
D:1:      kilobyte_arrival_exit_the_forest, layout_rooms

Skill      XL: |  1 |
---------------+----+-----
Long Blades    | 3 |  3.3
Fighting       | |  3.0
Armour         | |  1.7
Dodging        | |  1.7

Action                   || total
-------------------------++-------
Melee: Falchion          ||    34
Armor: Scale mail        ||    14
Dodge: Dodged            ||    24
       Rpst.: Falchion   ||     9

Table legend: (Time is in decaauts)
 A = Elapsed time spent in this place.
 B = Non-inter-level travel time spent in this place.
 C = Inter-level travel time spent in this place.
 D = Time resting spent in this place.
 E = Time spent auto-exploring this place.
 F = Levels seen in this place.
 G = Mean time per level.
                   A        B        C        D        E       F      G
               +--------+--------+--------+--------+--------+-----+--------+
         Total |    464 |    412 |     52 |    102 |    229 |   1 |  464.0 |
       Dungeon |    464 |    412 |     52 |    102 |    229 |   1 |  464.0 |
               +--------+--------+--------+--------+--------+-----+--------+

Top non-repeatable levels by time:
     D:1: 464 daAuts
